| TOP OF THE 1ST |
|
Great Lakes Loons batting - Pitching for Binghamton Mets : LHP Steve Kelly
|
|
Pitching: LHP Steve Kelly
|
|
|
Batting: RHB Ken Jenkins
|
0-0: Ball 1-0: Ball 2-0: Ground out 6-3 (Groundball, 6, EV 86.2 MPH)
|
|
Batting: RHB Alex Mejia
|
0-0: Foul Ball, location: 2F 0-1: SINGLE (Groundball, 34D, EV 102.5 MPH)
|
|
Batting: LHB Antonio Luis
|
0-0: Ball Alex Mejia is caught stealing 2nd base 2-6 1-0: Ground out 5-3 (Groundball, 5, EV 100.6 MPH)
|
| Top of the 1st over - 0 runs, 1 hit, 0 errors, 0 left on base; Great Lakes 0 - Binghamton 0 |
| BOTTOM OF THE 1ST |
|
Binghamton Mets batting - Pitching for Great Lakes Loons : LHP J.P. Blair
|
|
Pitching: LHP J.P. Blair
|
|
|
Batting: RHB Jake Hansford
|
0-0: Ball 1-0: Ground out 3-1 (Groundball, 34S, EV 87.5 MPH)
|
|
Batting: RHB Steve Dunaway
|
0-0: Ball 1-0: Swinging Strike 1-1: Ball 2-1: Ground out 5-3 (Groundball, 5S, EV 91.9 MPH)
|
|
Batting: RHB Andy Solorzano
|
0-0: Ground out U3 (Groundball, 34, EV 83.8 MPH)
|
| Bottom of the 1st over - 0 runs, 0 hits, 0 errors, 0 left on base; Great Lakes 0 - Binghamton 0 |
| TOP OF THE 2ND |
|
Great Lakes Loons batting - Pitching for Binghamton Mets : LHP Steve Kelly
|
|
Batting: RHB Mike Sims
|
0-0: Called Strike 0-1: Swinging Strike 0-2: Ball 1-2: Ball 2-2: Strikes out swinging
|
|
Batting: LHB Jim Chalk
|
0-0: Ground out 6-3 (Groundball, 6, EV 86.9 MPH)
|
|
Batting: LHB Alberto Chavez
|
0-0: Ball 1-0: Reached on error, E4 (Groundball, 34, EV 105.6 MPH)
|
|
Batting: RHB Ashton Crenshaw
|
0-0: Fielders Choice at 2nd, 6-4 (Groundball, 6, EV 82.5 MPH)
|
| Top of the 2nd over - 0 runs, 0 hits, 1 error, 1 left on base; Great Lakes 0 - Binghamton 0 |
| BOTTOM OF THE 2ND |
|
Binghamton Mets batting - Pitching for Great Lakes Loons : LHP J.P. Blair
|
|
Batting: RHB Joe Kooyers
|
0-0: Ground out 5-3 (Groundball, 5, EV 87.5 MPH)
|
|
Batting: RHB Shawn Mathews
|
0-0: Ball 1-0: Called Strike 1-1: SOLO HOME RUN (Flyball, 8LXD, EV 110.6 MPH), Distance : 433 ft
|
|
Batting: RHB Matt Skipper
|
0-0: Called Strike 0-1: Swinging Strike 0-2: Strikes out swinging
|
|
Batting: LHB Jose Chavez
|
0-0: Ball 1-0: Called Strike 1-1: Swinging Strike 1-2: Ball 2-2: Ball 3-2: Foul Ball, location: 2F 3-2: Fly out, F8 (Line Drive, 8LM, EV 95.0 MPH)
|
| Bottom of the 2nd over - 1 run, 1 hit, 0 errors, 0 left on base; Great Lakes 0 - Binghamton 1 |
| TOP OF THE 3RD |
|
Great Lakes Loons batting - Pitching for Binghamton Mets : LHP Steve Kelly
|
|
Batting: RHB Phil Knox
|
0-0: Ball 1-0: Swinging Strike 1-1: Called Strike 1-2: Ground out 6-3 (Groundball, 6S, EV 85.0 MPH)
|
|
Batting: RHB Sean Tanner
|
0-0: Swinging Strike 0-1: Ball 1-1: Ball 2-1: Ball 3-1: Base on Balls
|
|
Batting: RHB Ken Jenkins
|
0-0: Called Strike 0-1: Called Strike 0-2: Strikes out swinging
|
|
Batting: RHB Alex Mejia
|
0-0: Ball 1-0: Foul Ball, location: 2F 1-1: Swinging Strike 1-2: Strikes out swinging
|
| Top of the 3rd over - 0 runs, 0 hits, 0 errors, 1 left on base; Great Lakes 0 - Binghamton 1 |
| BOTTOM OF THE 3RD |
|
Binghamton Mets batting - Pitching for Great Lakes Loons : LHP J.P. Blair
|
|
Batting: LHB Tom Prayer
|
0-0: Called Strike 0-1: Ball 1-1: Foul Ball, location: 2F 1-2: Strikes out looking
|
|
Batting: RHB Ivan Gonzales
|
0-0: Swinging Strike 0-1: Ball 1-1: Ground out 1-3 (Groundball, 34S, EV 65.0 MPH)
|
|
Batting: RHB Jake Hansford
|
0-0: Foul Ball, location: 2F 0-1: Swinging Strike 0-2: Strikes out looking
|
| Bottom of the 3rd over - 0 runs, 0 hits, 0 errors, 0 left on base; Great Lakes 0 - Binghamton 1 |
| TOP OF THE 4TH |
|
Great Lakes Loons batting - Pitching for Binghamton Mets : LHP Steve Kelly
|
|
Batting: LHB Antonio Luis
|
0-0: Swinging Strike 0-1: Fly out, F7 (Flyball, 7LM, EV 82.5 MPH)
|
|
Batting: RHB Mike Sims
|
0-0: Ball 1-0: Called Strike 1-1: Called Strike 1-2: Strikes out swinging
|
|
Batting: LHB Jim Chalk
|
0-0: Ball 1-0: Called Strike 1-1: Foul Ball, location: 2F 1-2: Foul Ball, location: 2F 1-2: Foul Ball, location: 2F 1-2: Strikes out swinging
|
| Top of the 4th over - 0 runs, 0 hits, 0 errors, 0 left on base; Great Lakes 0 - Binghamton 1 |
| BOTTOM OF THE 4TH |
|
Binghamton Mets batting - Pitching for Great Lakes Loons : LHP J.P. Blair
|
|
Batting: RHB Steve Dunaway
|
0-0: Called Strike 0-1: Swinging Strike 0-2: DOUBLE (Line Drive, 78D, EV 106.2 MPH)
|
|
Pitching: RHP Bobby Primaticcio
|
|
|
Batting: RHB Andy Solorzano
|
0-0: Ground out 2-3 (Groundball, 2R, EV 61.2 MPH) Steve Dunaway to third
|
|
Batting: RHB Joe Kooyers
|
0-0: Ball 1-0: Ground out 6-3 (Groundball, 6S, EV 83.8 MPH)
|
|
Batting: RHB Shawn Mathews
|
0-0: Ball 1-0: Called Strike 1-1: Ball 2-1: SINGLE (Groundball, 6D, EV 102.5 MPH) Steve Dunaway scores
|
|
Batting: RHB Matt Skipper
|
0-0: Fielders Choice at 2nd, 6-4 (Groundball, 6, EV 87.5 MPH)
|
| Bottom of the 4th over - 1 run, 2 hits, 0 errors, 1 left on base; Great Lakes 0 - Binghamton 2 |
| TOP OF THE 5TH |
|
Great Lakes Loons batting - Pitching for Binghamton Mets : LHP Steve Kelly
|
|
Batting: LHB Alberto Chavez
|
0-0: Called Strike 0-1: Foul Ball, location: 2F 0-2: Ball 1-2: DOUBLE (Groundball, 5L, EV 103.8 MPH)
|
|
Batting: RHB Ashton Crenshaw
|
0-0: Foul Ball, location: 2F 0-1: Called Strike 0-2: Ball 1-2: Ball 2-2: Foul Ball, location: 2F 2-2: Foul Ball, location: 2F 2-2: Ball 3-2: Strikes out looking
|
|
Batting: RHB Phil Knox
|
0-0: Ball 1-0: Swinging Strike 1-1: Called Strike 1-2: Fly out, F9 (Line Drive, 9, EV 92.5 MPH)
|
|
Batting: RHB Sean Tanner
|
0-0: Called Strike 0-1: Ball 1-1: Ball 2-1: Foul Ball, location: 2F 2-2: Strikes out swinging
|
| Top of the 5th over - 0 runs, 1 hit, 0 errors, 1 left on base; Great Lakes 0 - Binghamton 2 |
| BOTTOM OF THE 5TH |
|
Binghamton Mets batting - Pitching for Great Lakes Loons : RHP Bobby Primaticcio
|
|
Batting: LHB Jose Chavez
|
0-0: Ground out 6-3 (Groundball, 4MD, EV 84.4 MPH)
|
|
Batting: LHB Tom Prayer
|
0-0: Called Strike 0-1: Fly out, F7 (Line Drive, 7D, EV 94.4 MPH)
|
|
Batting: RHB Ivan Gonzales
|
0-0: Called Strike 0-1: Called Strike 0-2: Ball 1-2: Foul Ball, location: 2F 1-2: Strikes out looking
|
| Bottom of the 5th over - 0 runs, 0 hits, 0 errors, 0 left on base; Great Lakes 0 - Binghamton 2 |
| TOP OF THE 6TH |
|
Great Lakes Loons batting - Pitching for Binghamton Mets : LHP Steve Kelly
|
|
Batting: RHB Ken Jenkins
|
0-0: Ball 1-0: Foul Ball, location: 2F 1-1: Foul Ball, location: 2F 1-2: DOUBLE (Flyball, 8RXD, EV 103.8 MPH)
|
|
Batting: RHB Alex Mejia
|
0-0: Ground out 6-3 (Groundball, 6M, EV 103.8 MPH) Ken Jenkins to third
|
|
Batting: LHB Antonio Luis
|
0-0: Foul Ball, location: 2F 0-1: Ball 1-1: Foul Ball, location: 2F 1-2: Foul Ball, location: 2F 1-2: Ground out 4-3 (Groundball, 4, EV 86.2 MPH) Ken Jenkins scores
|
|
Batting: RHB Mike Sims
|
0-0: Called Strike 0-1: Ball 1-1: Ball 2-1: Foul Ball, location: 2F 2-2: Ball 3-2: Foul Ball, location: 2F 3-2: Base on Balls
|
|
Pitching: LHP Jonathan Gendron
|
|
|
Batting: LHB Jim Chalk
|
0-0: Called Strike 0-1: Swinging Strike 0-2: SINGLE (Flyball, 78S, EV 90.6 MPH) Mike Sims to second
|
|
Batting: LHB Alberto Chavez
|
0-0: Ball 1-0: Called Strike 1-1: Ball 2-1: Foul Ball, location: 2F 2-2: Foul Ball, location: 2F 2-2: Fly out, F8 (Flyball, 8LM, EV 97.5 MPH)
|
| Top of the 6th over - 1 run, 2 hits, 0 errors, 2 left on base; Great Lakes 1 - Binghamton 2 |
| BOTTOM OF THE 6TH |
|
Binghamton Mets batting - Pitching for Great Lakes Loons : RHP Bobby Primaticcio
|
|
Batting: RHB Jake Hansford
|
0-0: Swinging Strike 0-1: Ball 1-1: Swinging Strike 1-2: Strikes out swinging
|
|
Batting: RHB Steve Dunaway
|
0-0: Called Strike 0-1: Called Strike 0-2: Ball 1-2: Ball 2-2: Foul Ball, location: 2F 2-2: Reached on error, E5 (Groundball, 56, EV 86.9 MPH)
|
|
Batting: RHB Andy Solorzano
|
0-0: Called Strike 0-1: Ball 1-1: Ball 2-1: Called Strike Steve Dunaway steals 2nd base 2-2: Fly out, F9 (Flyball, 9S, EV 80.0 MPH)
|
|
Batting: RHB Joe Kooyers
|
0-0: Intentional Walk
|
|
Batting: RHB Shawn Mathews
|
0-0: Ball 1-0: Ground out 3-1 (Groundball, 34S, EV 80.6 MPH)
|
| Bottom of the 6th over - 0 runs, 0 hits, 1 error, 2 left on base; Great Lakes 1 - Binghamton 2 |
| TOP OF THE 7TH |
|
Great Lakes Loons batting - Pitching for Binghamton Mets : LHP Jonathan Gendron
|
|
Batting: RHB Ashton Crenshaw
|
0-0: Called Strike 0-1: Ball 1-1: Ground out 6-3 (Groundball, 6, EV 83.8 MPH)
|
|
Batting: RHB Phil Knox
|
0-0: Ball 1-0: Ball 2-0: Fly out, F5 (Popup, 5F, EV 61.9 MPH)
|
|
Batting: RHB Sean Tanner
|
0-0: Called Strike 0-1: Called Strike 0-2: Strikes out swinging
|
| Top of the 7th over - 0 runs, 0 hits, 0 errors, 0 left on base; Great Lakes 1 - Binghamton 2 |
| BOTTOM OF THE 7TH |
|
Binghamton Mets batting - Pitching for Great Lakes Loons : RHP Bobby Primaticcio
|
|
Pitching: RHP George Credle
|
|
|
Batting: RHB Matt Skipper
|
0-0: Ball 1-0: Fly out, F8 (Flyball, 8RD, EV 97.5 MPH)
|
|
Batting: LHB Jose Chavez
|
0-0: Called Strike 0-1: Ball 1-1: Ball 2-1: Ground out 5-3 (Groundball, 56S, EV 91.2 MPH)
|
|
Batting: LHB Tom Prayer
|
0-0: Swinging Strike 0-1: Foul Ball, location: 2F 0-2: Ball 1-2: Ball 2-2: Foul Ball, location: 2F 2-2: Foul Ball, location: 2F 2-2: TRIPLE (Flyball, 78XD, EV 111.9 MPH)
|
|
Batting: RHB Ivan Gonzales
|
0-0: Ball 1-0: Called Strike 1-1: Ball 2-1: Called Strike 2-2: Strikes out swinging
|
| Bottom of the 7th over - 0 runs, 1 hit, 0 errors, 1 left on base; Great Lakes 1 - Binghamton 2 |
| TOP OF THE 8TH |
|
Great Lakes Loons batting - Pitching for Binghamton Mets : LHP Jonathan Gendron
|
|
Pitching: RHP Rob Fennell
|
|
|
Batting: RHB Ken Jenkins
|
0-0: Ball 1-0: Called Strike 1-1: Swinging Strike 1-2: Strikes out swinging
|
|
Batting: RHB Alex Mejia
|
0-0: Ball 1-0: Swinging Strike 1-1: Ball 2-1: SINGLE (Groundball, 56D, EV 97.5 MPH)
|
|
Pitching: RHP Leo Burgos
|
|
|
Batting: LHB Antonio Luis
|
0-0: Ball 1-0: Foul Ball, location: 2F 1-1: Swinging Strike 1-2: Strikes out swinging
|
|
Batting: RHB Mike Sims
|
0-0: Foul Ball, location: 2F 0-1: Ball 1-1: Fly out, F8 (Line Drive, 8LD, EV 85.6 MPH)
|
| Top of the 8th over - 0 runs, 1 hit, 0 errors, 1 left on base; Great Lakes 1 - Binghamton 2 |
| BOTTOM OF THE 8TH |
|
Binghamton Mets batting - Pitching for Great Lakes Loons : RHP George Credle
|
|
Pitching: RHP Santiago Montero
|
|
|
Batting: RHB Jake Hansford
|
0-0: Ball 1-0: Foul Ball, location: 2F 1-1: Called Strike 1-2: Ball 2-2: Foul Ball, location: 2F 2-2: Ball 3-2: Fly out, F8 (Flyball, 89S, EV 79.4 MPH)
|
|
Batting: RHB Steve Dunaway
|
0-0: Ball 1-0: Ball 2-0: Foul Ball, location: 2F 2-1: SINGLE (Line Drive, 3D, EV 98.8 MPH)
|
|
Batting: RHB Andy Solorzano
|
0-0: Ball 1-0: Foul Ball, location: 2F 1-1: Ball 2-1: Foul Ball, location: 2F 2-2: Fly out, F4 (Flyball, 3D, EV 96.2 MPH)
|
|
Batting: RHB Joe Kooyers
|
0-0: Ball 1-0: Fielders Choice at 2nd, 6-4 (Groundball, 56, EV 89.4 MPH)
|
| Bottom of the 8th over - 0 runs, 1 hit, 0 errors, 1 left on base; Great Lakes 1 - Binghamton 2 |
| TOP OF THE 9TH |
|
Great Lakes Loons batting - Pitching for Binghamton Mets : RHP Leo Burgos
|
|
Pitching: RHP Amare Golden
|
|
|
Batting: LHB Jim Chalk
|
0-0: Fly out, F6 (Line Drive, 6, EV 70.0 MPH)
|
|
Batting: LHB Alberto Chavez
|
0-0: Ball 1-0: Called Strike 1-1: Foul Ball, location: 2F 1-2: Strikes out looking
|
|
Pinch Hitting: LHB Chris Barrera
|
0-0: Ball 1-0: DOUBLE (Flyball, 8LXD, EV 100.0 MPH)
|
|
Batting: RHB Phil Knox
|
0-0: Ball 1-0: SINGLE (Groundball, 56D, EV 101.2 MPH) Chris Barrera to third Runner from 3rd tries for Home, SAFE, throw by LF to home Phil Knox to second
|
|
Batting: RHB Sean Tanner
|
0-0: Ball 1-0: Foul Ball, location: 2F 1-1: Ball 2-1: Ground out 5-3 (Groundball, 56S, EV 90.0 MPH)
|
| Top of the 9th over - 1 run, 2 hits, 0 errors, 1 left on base; Great Lakes 2 - Binghamton 2 |
| BOTTOM OF THE 9TH |
|
Binghamton Mets batting - Pitching for Great Lakes Loons : RHP Santiago Montero
|
|
Pitching: RHP Angel Rivas
|
|
|
Now at 3B: Mike Sims
|
|
|
Now in LF: Chris Barrera
|
|
|
Batting: LHB Willie Cintron
|
0-0: Swinging Strike 0-1: Ball 1-1: Called Strike 1-2: Ball 2-2: Foul Ball, location: 2F 2-2: Foul Ball, location: 2F 2-2: Ball 3-2: Foul Ball, location: 2F 3-2: Strikes out swinging
|
|
Pinch Hitting: LHB Nate Trahan
|
0-0: Foul Ball, location: 2F 0-1: Ball 1-1: Ground out U3 (Groundball, 3L, EV 102.5 MPH)
|
|
Batting: LHB Jose Chavez
|
0-0: Ball 1-0: Called Strike 1-1: Swinging Strike 1-2: Foul Ball, location: 2F 1-2: Strikes out swinging
|
| Bottom of the 9th over - 0 runs, 0 hits, 0 errors, 0 left on base; Great Lakes 2 - Binghamton 2 |
| TOP OF THE 10TH |
|
Great Lakes Loons batting - Pitching for Binghamton Mets : RHP Amare Golden
|
|
Now at C: Dave Conde
|
|
|
Batting: RHB Ken Jenkins
|
0-0: Called Strike 0-1: Ball 1-1: Foul Ball, location: 2F 1-2: Fly out, F8 (Line Drive, 8RM, EV 90.6 MPH)
|
|
Batting: RHB Alex Mejia
|
0-0: Called Strike 0-1: Foul Ball, location: 2F 0-2: Foul Ball, location: 2F 0-2: Ball 1-2: Fly out, F9 (Flyball, 89S, EV 78.1 MPH)
|
|
Batting: LHB Antonio Luis
|
0-0: Ball 1-0: Foul Ball, location: 2F 1-1: Ground out 4-3 (Groundball, 4, EV 82.5 MPH)
|
| Top of the 10th over - 0 runs, 0 hits, 0 errors, 0 left on base; Great Lakes 2 - Binghamton 2 |
| BOTTOM OF THE 10TH |
|
Binghamton Mets batting - Pitching for Great Lakes Loons : RHP Angel Rivas
|
|
Batting: LHB Tom Prayer
|
0-0: Reached on error, E4 (Groundball, 4S, EV 79.4 MPH)
|
|
Pinch Hitting: LHB Joel Soto
|
0-0: Intentional Walk
|
|
Pinch Hitting: LHB Elmo Dreier
|
0-0: Ball 1-0: Bunt missed! 1-1: Bunted foul 1-2: Foul Ball, location: 2F 1-2: Ball 2-2: Ball 3-2: Ground out 4-3 (Groundball, 4MS, EV 69.4 MPH) Tom Prayer to third Joel Soto to second
|
|
Batting: RHB Steve Dunaway
|
0-0: Ball 1-0: Called Strike 1-1: Swinging Strike 1-2: Foul Ball, location: 2F 1-2: DOUBLE (Flyball, 5D, EV 94.4 MPH) Tom Prayer scores
|
| Bottom of the 10th over - 1 run, 1 hit, 1 error, 0 left on base; Great Lakes 2 - Binghamton 3 |
| |
|
Game Over ... Binghamton defeats Great Lakes, 3 to 2
|
|
|